AoeStats
← 平民老百姓

Nomad

504999518Analyzed
4v4 RM · 24d ago on Sep 7, 2026· 43m 58s· 8 players
Game mode
Random Map
Map size
231×231
Population
200
Speed
Normal
Resources
Standard
Victory
Conquest
Starting age
Dark Age
Ending age
Imperial Age
RankedLock teamsTeams togetherTeam positionsShared explorationLock speedFull tech treeHidden civsTurbo modeCheats
Victory
Defeat
🇬🇵 Turks · Guadeloupe
1243
+15
🇫🇷 Persians · France
1203
+16
🇯🇵 Malay · Japan
1197
+17
🇬🇧 Dravidians · United Kingdom
1196
+17
🇹🇼 Spanish · Taiwan
1264
-18
🇻🇳 Huns · Vietnam
1228
-17
🇲🇾 Vietnamese · Malaysia
1208
-16
🇨🇳 Khmer · China
1152
-14
Tintagel
5:32 Loom
15:06 Feudal Age
16:11 Double-Bit Axe
17:03 Fletching
17:13 Padded Archer Armor
18:15 Fishing Lines
22:44 Castle Age
23:29 Horse Collar
24:00 Bow Saw
23:55 Bodkin Arrow
24:02 Heavy Plow
25:05 Medium Warships
26:35 Crossbowman
30:27 Thumb Ring
32:45 Wheelbarrow
31:55 Town Watch
32:45 Ballistics
34:47 Gold Mining
平民老百姓
5:27 Loom
12:47 Feudal Age
16:41 Stone Mining
17:18 Fletching
21:33 Double-Bit Axe
24:05 Castle Age
23:00 Horse Collar
30:34 Bodkin Arrow
Hold the door
15:00 Feudal Age
16:14 Double-Bit Axe
20:14 Castle Age
19:00 Fishing Lines
21:37 Scale Barding Armor
23:39 Stone Mining
24:01 Loom
ThanhLe
5:55 Loom
14:24 Feudal Age
20:21 Castle Age
19:51 Double-Bit Axe
20:00 Fletching
21:08 Bodkin Arrow
37:26 Imperial Age
35:32 Wheelbarrow
35:11 Bow Saw
37:38 Bloodlines
38:20 Marauders
38:42 Husbandry
38:48 Scale Barding Armor
38:56 Forging
41:17 Elite Tarkan
42:19 Chain Barding Armor
FirstPine3880
4:35 Loom
14:49 Feudal Age
16:31 Fishing Lines
18:55 Castle Age
16:40 Horse Collar
16:50 Double-Bit Axe
17:20 Town Watch
20:12 Bow Saw
20:04 Heavy Plow
21:32 Wheelbarrow
24:48 Hand Cart
34:45 Imperial Age
33:16 Stone Mining
33:17 Gold Mining
33:51 Thumb Ring
34:44 Padded Archer Armor
34:35 Fletching
36:23 Conscription
36:10 Medical Corps
36:08 Elite Elephant Archer
37:43 Ballistics
38:36 Two-Man Saw
38:52 Bodkin Arrow
39:13 Leather Archer Armor
39:36 Bracer
40:01 Leather Archer Armor
41:19 Chemistry
40:59 Town Patrol
42:42 Ring Archer Armor
42:32 Caravan
42:43 Guilds
43:06 Coinage
Slayer30
7:05 Loom
15:20 Feudal Age
16:07 Double-Bit Axe
16:43 Fletching
16:46 Fishing Lines
21:27 Castle Age
20:14 Scale Barding Armor
21:52 Bloodlines
21:56 Forging
22:10 Bodkin Arrow
26:40 Chain Barding Armor
27:25 Husbandry
31:07 Forging
32:28 Iron Casting
41:53 Imperial Age
41:48 Wheelbarrow
42:04 Bow Saw
41:48 Gold Mining
41:50 Stone Mining
42:49 Plate Barding Armor
42:35 Cavalier
hirai
4:38 Loom
14:35 Feudal Age
14:32 Fishing Lines
15:32 Wheelbarrow
17:14 Town Watch
19:48 Castle Age
18:17 Double-Bit Axe
18:27 Gold Mining
19:21 Forging
23:53 Hand Cart
23:37 Stone Mining
vallet.gaetan
4:01 Loom
14:58 Feudal Age
16:09 Double-Bit Axe
18:59 Castle Age
17:57 Town Watch
18:46 Fletching
20:27 Bow Saw
21:24 Bodkin Arrow
28:38 Wheelbarrow
30:20 Hand Cart
34:56 Imperial Age
32:45 Padded Archer Armor
35:14 Leather Archer Armor
35:54 Bracer
38:34 Parthian Tactics
40:10 Ring Archer Armor
40:07 Heavy Cavalry Archer
41:42 Thumb Ring
41:08 Capped Ram
Connection lost

Rejoining the realm…

Still unreachable

The connection could not be restored.

Session expired

The server has moved on; the page needs a fresh start.